AoeStats
← Lord_Wilfredo

Fortress

508366775Analyzed
4v4 RM · 11d ago on Sep 22, 2026· 52m 22s· 8 players
Game mode
Random Map
Map size
Huge
Population
200
Speed
Normal
Resources
Standard
Victory
Conquest
Starting age
Dark Age
Ending age
Imperial Age
RankedLock teamsTeams togetherTeam positionsShared explorationLock speedFull tech treeHidden civsTurbo modeCheats
Victory
Defeat
🇧🇩 Slavs · Bangladesh
1346
+13
🇨🇴 Mongols · Colombia
1314
+14
🇨🇦 Muisca · Canada
1295
+15
🇹🇼 Khmer · Taiwan
1284
+15
🇦🇷 Britons · Argentina
1352
-18
🇺🇸 Bohemians · United States
1249
-13
🇲🇽 Mongols · Mexico
1248
-13
🇺🇸 Hindustanis · United States
1235
-13
再讓我農一下
7:15 Feudal Age
10:28 Castle Age
8:24 Horse Collar
8:57 Double-Bit Axe
11:32 Heavy Plow
12:06 Bow Saw
13:28 Loom
19:37 Wheelbarrow
23:58 Imperial Age
23:04 Hand Cart
22:36 Town Watch
25:12 Crop Rotation
25:07 Double Crossbow
25:27 Conscription
26:35 Scale Barding Armor
26:41 Forging
26:54 Ballistics
27:34 Chemistry
26:25 Elite Ballista Elephant
27:46 Stone Mining
27:47 Gold Mining
29:00 Siege Engineers
29:08 Fortified Wall
29:58 Chain Barding Armor
29:49 Padded Archer Armor
29:59 Heavy Scorpion
31:58 Caravan
37:58 Bloodlines
37:49 Husbandry
37:09 Light Cavalry
39:42 Iron Casting
38:57 Fletching
39:23 Leather Archer Armor
39:43 Plate Barding Armor
41:30 Masonry
41:15 Murder Holes
41:19 Bodkin Arrow
42:14 Hussar
46:34 Blast Furnace
45:34 Bracer
46:04 Ring Archer Armor
koppzer
9:05 Feudal Age
9:48 Double-Bit Axe
12:42 Castle Age
10:48 Horse Collar
15:28 Bow Saw
15:50 Squires
16:43 Gold Mining
18:53 Wheelbarrow
21:11 Loom
21:20 Fletching
21:58 Heavy Plow
22:30 Town Watch
22:52 Herbalism
23:41 Hand Cart
27:23 Imperial Age
25:59 Fletching
26:18 Padded Archer Armor
26:44 Bodkin Arrow
28:41 Conscription
28:29 Bracer
28:52 Ballistics
29:32 Chemistry
31:00 Leather Archer Armor
32:02 Forging
32:38 Elite Guecha Warrior
35:19 Masonry
spava9723
7:14 Feudal Age
6:32 Loom
11:12 Castle Age
9:19 Double-Bit Axe
9:26 Horse Collar
10:27 Fletching
12:28 Bow Saw
13:01 Bodkin Arrow
21:38 Wheelbarrow
22:47 Gold Mining
22:49 Stone Mining
28:41 Imperial Age
27:31 Ballistics
28:13 Padded Archer Armor
29:30 Thumb Ring
29:28 Bracer
30:40 Chemistry
31:33 Conscription
31:53 Parthian Tactics
32:21 Gold Shaft Mining
31:45 Elite Mangudai
37:04 Husbandry
37:15 Bloodlines
38:59 Caravan
41:30 Leather Archer Armor
42:36 Scale Barding Armor
42:42 Forging
44:30 Light Cavalry
49:41 Hussar
52:28 Chain Barding Armor
52:44 Iron Casting
Gunslinger
7:37 Feudal Age
8:37 Double-Bit Axe
12:27 Castle Age
13:36 Bow Saw
13:09 Horse Collar
15:30 Wheelbarrow
17:14 Gold Mining
19:51 Stone Mining
20:37 Gold Shaft Mining
22:06 Hand Cart
26:52 Imperial Age
25:09 Scale Mail Armor
25:17 Scale Barding Armor
25:23 Forging
26:59 Elite Boyar
29:12 Two-Man Saw
29:45 Chain Barding Armor
30:01 Iron Casting
29:29 Man-at-Arms
30:10 Squires
30:51 Caravan
32:19 Plate Barding Armor
32:45 Blast Furnace
31:46 Scale Mail Armor
34:07 Long Swordsman
34:54 Two-Handed Swordsman
36:34 Champion
Aladdin
6:38 Feudal Age
10:51 Castle Age
8:52 Double-Bit Axe
9:44 Horse Collar
12:24 Bow Saw
13:05 Heavy Plow
13:22 Loom
19:23 Wheelbarrow
21:23 Hand Cart
21:34 Gold Mining
22:51 Stone Mining
23:39 Gold Shaft Mining
23:05 Town Watch
23:56 Grand Trunk Road
26:41 Imperial Age
26:47 Imperial Age
24:58 Forging
25:29 Scale Barding Armor
26:01 Bloodlines
25:52 Husbandry
26:30 Iron Casting
26:54 Chain Barding Armor
26:54 Heavy Camel Rider
28:12 Plate Barding Armor
28:46 Chemistry
29:10 Blast Furnace
28:32 Light Cavalry
29:07 Imperial Camel Rider
31:08 Fletching
31:29 Siege Engineers
31:20 Murder Holes
31:37 Masonry
31:57 Conscription
31:52 Caravan
32:19 Onager
33:24 Bodkin Arrow
34:40 Hussar
yo_ChuckDeezy
6:43 Feudal Age
8:47 Horse Collar
8:59 Double-Bit Axe
11:37 Castle Age
13:19 Fervor
13:57 Heavy Plow
16:04 Sanctity
15:52 Loom
19:24 Wheelbarrow
19:58 Bow Saw
21:40 Hand Cart
26:51 Imperial Age
28:14 Chemistry
27:56 Scale Mail Armor
29:01 Two-Man Saw
27:51 Treadmill Crane
28:18 Siege Engineers
28:24 Masonry
27:44 Pikeman
28:30 Halberdier
29:10 Squires
29:29 Chain Mail Armor
28:44 Houfnice
30:01 Conscription
30:40 Plate Mail Armor
30:22 Forging
33:06 Iron Casting
35:37 Blast Furnace
34:53 Elite Hussite Wagon
35:39 Wagenburg Tactics
35:03 Elite Hussite Wagon
35:49 Wagenburg Tactics
38:08 Fletching
40:24 Ballistics
39:58 Town Watch
neto_leo15
0:30 Loom
6:31 Feudal Age
7:09 Double-Bit Axe
7:37 Horse Collar
16:07 Castle Age
14:32 Stone Mining
14:36 Gold Mining
15:25 Wheelbarrow
16:57 Heavy Plow
17:16 Bow Saw
22:19 Imperial Age
20:13 Fletching
21:06 Gold Shaft Mining
22:49 Bodkin Arrow
25:54 Padded Archer Armor
27:07 Ballistics
27:07 Leather Archer Armor
28:45 Bracer
29:42 Conscription
33:59 Chemistry
Lord_Wilfredo
7:13 Feudal Age
10:58 Castle Age
9:16 Double-Bit Axe
9:43 Horse Collar
12:17 Bow Saw
12:38 Heavy Plow
15:08 Loom
21:01 Gold Mining
22:33 Wheelbarrow
24:38 Imperial Age
22:31 Town Watch
22:41 Fletching
22:51 Padded Archer Armor
22:37 Elite Skirmisher
24:49 Bodkin Arrow
25:09 Leather Archer Armor
25:43 Conscription
25:01 Capped Ram
25:54 Bracer
27:22 Elite Longbowman
30:05 Yeomen
30:19 Ring Archer Armor
31:30 Ballistics
32:10 Chemistry
33:23 Gold Shaft Mining
32:38 Stone Mining
35:40 Caravan
38:18 Fortified Wall
Connection lost

Rejoining the realm…

Still unreachable

The connection could not be restored.

Session expired

The server has moved on; the page needs a fresh start.